 Dungeon Crawl Stone Soup version 0.31-a0-222-gefeffbb62a (webtiles) character file.

Game seed: 3020332713710646529

69 qw the Shooter (level 4, -1/36 HPs)
             Began as a Minotaur Hexslinger on July 5, 2023.
             Slain by Sigmund
             ... wielding a +0 scythe
              (6 damage)
             ... on level 2 of the Dungeon.
             The game lasted 00:00:44 (1625 turns).

qw the Shooter (Minotaur Hexslinger)                Turns: 1625, Time: 00:00:44

Health: -1/36      AC:  4    Str: 12    XL:     4   Next: 2%
Magic:  4/4        EV: 12    Int: 10    God:
Gold:   135        SH:  0    Dex: 15    Spells: 4/5 levels left

rFire   . . .        Y - +0 arbalest
rCold   . . .        (shield currently unavailable)
rNeg    . . .        m - +0 leather armour
rPois   .            (helmet restricted)
rElec   .            (no cloak)
rCorr   .            l - +0 pair of gloves
SInv    .            (no boots)
Will    +....        (no amulet)
Stlth   +            i - ring of willpower
HPRegen 0.26/turn    (no ring)
MPRegen 0.09/turn

%: no passive effects
@: no status effects
A: horns 2, retaliatory headbutt
a: no special abilities


You were on level 2 of the Dungeon.
You visited 1 branch of the dungeon, and saw 3 of its levels.

You collected 135 gold pieces.


Innate Abilities, Weirdness & Mutations

You have a pair of horns on your head.
You reflexively headbutt those who attack you in melee.


   Skills:
 - Level 2.1 Fighting
 + Level 4.5 Ranged Weapons
 - Level 2.1 Dodging
 - Level 1.0 Spellcasting
 - Level 2.0 Hexes


You had 4 spell levels left.
You knew the following spells:

 Your Spells              Type           Power      Damage    Failure   Level
a - Slow                  Hex            16%        N/A       19%         1

Your spell library contained the following spells:

 Spells                   Type           Power      Damage    Failure   Level
 Inner Flame              Hex/Fire       2%         N/A       65%         3
 Portal Projectile        Hex/Tloc       4%         N/A       65%         3
 Cause Fear               Hex            2%         N/A       88%         4

Inventory:

Hand Weapons
 Y - a +0 arbalest (weapon)
Armour
 l - a +0 pair of gloves (worn)
 m - a +0 leather armour (worn)
Jewellery
 h - a ring of ice
 i - a ring of willpower (left hand)
Scrolls
 a - a scroll of identify
Potions
 f - a potion of heal wounds
 g - a potion of mutation {unknown}
 j - a potion of enlightenment {unknown}
 p - a potion of berserk rage {unknown}

Dungeon Overview and Level Annotations

Branches:
Dungeon (3/15)

Altars:

Annotations:
D:3 Sigmund


Message History

Sigmund hits you with a +0 scythe.
There is a stone staircase leading up here.
You shoot a bolt. The bolt closely misses Sigmund.
Sigmund casts a spell at you. The puff of flame misses you.
You shoot a bolt. The bolt hits Sigmund!
Sigmund is severely wounded.
Sigmund mumbles some strange words.
Sigmund flickers and vanishes!
Deactivating autopickup; reactivate with Ctrl-A.
Something hits you but does no damage.
You shoot a bolt.
You hear some strange, mumbled words.
A magic dart appears from out of thin air!
The magic dart hits you.
1617 ||| STAIRDANCE Something hits you.
You climb upwards.
Reactivating autopickup.
There is a stone staircase leading down here.
There is a strange disturbance nearby!
Something hits you.
Deactivating autopickup; reactivate with Ctrl-A.
You shoot a bolt.
You hear some strange, mumbled words.
A magic dart appears from out of thin air!
The magic dart hits you.
You shoot a bolt.
You hear some strange, mumbled words.
A puff of flame appears from out of thin air!
The puff of flame hits you! Something barely misses you.
You shoot a bolt. Something hits you.
You shoot a bolt. Something hits you.
You shoot a bolt. Something hits you.
You shoot a bolt. Something hits you.
You die...

##..#..######.
######...#...# #.
#.....###....# #.
#.##.## ##...## #)
##.##.# #....# ##
##...#(## ##<.#.#
#
##.....#.###...#.#
#
#.....{.#...#.##.#
#
#....@..###...##.#
## #.......#
##.###.# ##.
##.....## #.# #.#
#.# ##....# #.#
#.# #.. ####.# #.#
#.# #.# #.# #.#
#.# #.# ##.##
##.###.###.#
#...###...........
#........#.###....


There were no monsters in sight!

Vanquished Creatures
  An adder (D:2)
  6 endoplasms
  2 giant cockroaches (D:1)
  5 goblins
  4 hobgoblins
  6 jackals
  A quokka (D:1)
  4 ball pythons
  11 bats
  2 frilled lizards (D:1)
  6 kobolds
  3 rats
51 creatures vanquished.

Notes
Turn   | Place    | Note
-------+----------+-------------------------------------------
     0 | D:1      | qw the Minotaur Hexslinger began the quest for the Orb.
     0 | D:1      | Reached XP level 1. HP: 16/16 MP: 1/1
     0 | D:1      | 0 ||| qw: Version: 0.3-a-46-gb1f654a
     0 | D:1      | 0 ||| qw: Game counter: 998
     0 | D:1      | 0 ||| qw: Melee chars always use a shield: true
     0 | D:1      | 0 ||| qw: God list: Okawaru
     0 | D:1      | 0 ||| qw: Allow faded altars: false
     0 | D:1      | 0 ||| qw: Do Orc after clearing Dungeon:15 true
     0 | D:1      | 0 ||| qw: Do second Lair branch before Depths: true
     0 | D:1      | 0 ||| qw: Lair rune preference: random
     0 | D:1      | 0 ||| qw: Goals: Normal
     0 | D:1      | 0 ||| PLANNING D:1-11
    89 | D:1      | Reached skill level 3 in Ranged Weapons
    91 | D:1      | Reached XP level 2. HP: 23/23 MP: 2/2
   581 | D:1      | Reached XP level 3. HP: 29/29 MP: 3/3
   862 | D:1      | 862 ||| UPGRADING to +0 pair of gloves.
   867 | D:1      | 867 ||| READING 2 scrolls labelled JOCIDER MIDURY.
   868 | D:1      | 868 ||| READING scroll labelled WOTYCK HEOGA.
   873 | D:1      | 873 ||| READING scroll labelled HASHYT TITU.
   874 | D:1      | 874 ||| READING scroll labelled NYNAHYUTI.
   875 | D:1      | 875 ||| DRINKING 2 pink potions.
   876 | D:1      | 876 ||| DROPPING scroll of poison.
  1011 | D:2      | Found a faded altar of an unknown god.
  1141 | D:2      | Reached skill level 4 in Ranged Weapons
  1295 | D:2      | 1295 ||| SWAPPING to +0 arbalest.
  1296 | D:2      | 1296 ||| DROPPING +1 sling.
  1487 | D:2      | Reached XP level 4. HP: 36/36 MP: 4/4
  1548 | D:2      | 1548 ||| UPGRADING to +0 leather armour.
  1558 | D:2      | 1558 ||| DROPPING +0 robe.
  1559 | D:2      | 1559 ||| DROPPING ring of wizardry.
  1560 | D:2      | 1560 ||| UPGRADING to ring of willpower.
  1561 | D:2      | 1561 ||| READING scroll labelled ZIYMIUFUGY.
  1562 | D:2      | 1562 ||| READING scroll labelled ROUDAC MAYC.
  1563 | D:2      | 1563 ||| READING 2 scrolls of identify.
  1563 | D:2      | 1563 ||| IDENTIFYING murky pink potion
  1564 | D:2      | 1564 ||| DROPPING potion of attraction.
  1603 | D:3      | Noticed Sigmund
  1609 | D:3      | 1609 ||| STAIRDANCE
  1611 | D:2      | 1611 ||| DRINKING potion of curing.
  1611 | D:2      | 1611 ||| (to cure confusion)
  1617 | D:3      | 1617 ||| STAIRDANCE
  1623 | D:2      | HP: 6/36 [something (5)]
  1625 | D:2      | Slain by Sigmund

Levels and vault maps discovered:
D:1:      scummos_arrival_gate, layout_basic
D:2:      layout_loops_ring, hellmonk_ecumenical_altar_blasted
D:3:      layout_rooms, gammafunk_temple_overflow_statue,
          minmay_misc_feat_square, eino_tiny_chamber, uniq_sigmund, uniq_robin,
          uniq_crazy_yiuf_cottage, uniq_ijyb

Skill      XL: |  1  2  3 |
---------------+----------+-----
Ranged Weapons | 3 4 |  4.5
Fighting       | 2 |  2.1
Dodging        | |  2.1
Spellcasting   | |  1.0
Hexes          | |  2.0

Action                     |  1- 3 |  4- 6 || total
---------------------------+-------+-------++-------
   Fire: Sling             |   124 |       ||   124
         Arbalest          |     2 |    14 ||    16
    Use: Scroll            |     4 |     3 ||     7
         Potion            |     1 |     1 ||     2
 Armour: Robe              |    16 |       ||    16
         Leather armour    |       |     1 ||     1
  Dodge: Dodged            |    41 |     5 ||    46

Table legend:
 A = Non-vault XP
 B = Vault XP
 C = Vault XP percentage of total XP
 D = Non-vault monster count
 E = Vault monster count
 F = Vault count percentage of total count
                 A         B        C        D         E       F
            +---------+---------+-------+---------+---------+-------
      Total |      99 |       0 |   0.0 |      51 |       0 |   0.0
            +---------+---------+-------+---------+---------+-------
        D:1 |      43 |       0 |   0.0 |      27 |       0 |   0.0
        D:2 |      54 |       0 |   0.0 |      23 |       0 |   0.0
        D:3 |       2 |       0 |   0.0 |       1 |       0 |   0.0
            +---------+---------+-------+---------+---------+-------
